 Dungeon Sprint DCSS version 0.26-a0-958-gf3041fb45f (webtiles) character file.

Game seed: 11730097795355614538

14 sahdkjhfkaj the Chopper (level 2, -3/28 HPs)
             Began as a Hill Orc Monk on Nov 30, 2020.
             Was a Follower of Uskayaw.
             Slain by a river rat (7 damage)
             ... in the Dungeon (Sprint VII: "The Pits").
             The game lasted 00:00:41 (426 turns).

sahdkjhfkaj the Chopper (Hill Orc Monk)              Turns: 426, Time: 00:00:42

Health: -3/28      AC:  2    Str: 13    XL:     2   Next: 45%
Magic:  0/3        EV: 13    Int: 10    God:    Uskayaw [*.....]
Gold:   0          SH:  0    Dex: 13    Spells: 1/1 levels left

rFire    . . .     SeeInvis .   a - +2 hand axe
rCold    . . .     Faith    .   (no shield)
rNeg     . . .     Spirit   .   b - +0 robe
rPois    .         Reflect  .   (no helmet)
rElec    .         Harm     .   (no cloak)
rCorr    .         Rampage  .   (no gloves)
MR       .....     NoTele   +   (no boots)
Stlth    ++........             (no amulet)
HPRegen  0.09/turn              (no ring)
MPRegen  0.08/turn              (no ring)

@: no status effects
A: no striking features
a: Stomp, Renounce Religion


You were in the Dungeon.
You worshipped Uskayaw.
Uskayaw was noncommittal.
You visited 1 branch

Inventory:

Hand Weapons
 a - a +2 hand axe (weapon)
Armour
 b - a +0 robe (worn)
Scrolls
 h - a scroll of blinking {!r}
 j - 3 scrolls of remove curse {!r}
 k - 5 scrolls of amnesia {!r}
 l - a scroll of summoning {!r}
Potions
 c - a potion of curing {!q}
 e - a potion of haste {!q}
 f - 4 potions of magic {!q}
 g - 2 potions of berserk rage {!q}
 i - 2 potions of invisibility {!q}


   Skills:
 + Level 4.4 Fighting
 * Level 5.6 Axes
 + Level 2.0 Armour
 - Level 2.4 Dodging
 - Level 1.5 Stealth
 + Level 2.5 Invocations


You had one spell level left.
You didn't know any spells.
Your spell library was empty.

Dungeon Overview and Level Annotations

Branches:
Dungeon (1/1)

Altars:
Ashenzari
Cheibriados
Dithmenos
Elyvilon
Fedhas
Gozag
Hepliaklqana
Kikubaaqudgha
Makhleb
Nemelex Xobeh
Okawaru
Qazlal
Ru
Sif Muna
Trog
Uskayaw
Vehumet
Wu Jian
Xom
Yredelemnul
Zin
The Shining One
Beogh
Jiyva
Lugonu


Message History

You closely miss the river rat.
The river rat is severely wounded.
The river rat closely misses you.
You hit the river rat but do no damage.
The river rat is severely wounded.
The river rat bites you.
* * * LOW HITPOINT WARNING * * *
Okay, then.
You hit the river rat but do no damage.
The river rat is heavily wounded.
The river rat bites you.
* * * LOW HITPOINT WARNING * * *
You hit the river rat but do no damage.
The river rat is heavily wounded.
The river rat bites you!
* * * LOW HITPOINT WARNING * * *
Unknown command.
Unknown command.
The river rat bites you!
You die...

#_______...###########
##########'##.........
#.?(.')))'.##......#..
##########.##.........
#...........'.........
#+#####'#####......#..
#...#)# #.........
#..)#.# ####'#####
#..@'.# #.......#
##r#### #.......# #...
#.......# #....
#...<...# #.....
#.......# #......
#.......# ########
#.......# #########


You could see a river rat.

Vanquished Creatures
  A gnoll (D)
  An orc (D)
  A giant cockroach (D)
  A bat (D)
  A frilled lizard (D)
5 creatures vanquished.

Notes
Turn   | Place    | Note
-------+----------+-------------------------------------------
     0 | D        | sahdkjhfkaj the Hill Orc Monk began the quest for the Orb.
     0 | D        | Reached XP level 1. HP: 19/19 MP: 1/1
    90 | D        | Found a bloodstained altar of Trog.
    90 | D        | Found a shimmering blue altar of Sif Muna.
    90 | D        | Found a viscous altar of Jiyva.
    90 | D        | Found a hazy altar of Hepliaklqana.
    90 | D        | Found an opulent altar of Gozag.
    91 | D        | Found a glowing golden altar of the Shining One.
    91 | D        | Found a glowing silver altar of Zin.
    91 | D        | Found a basalt altar of Yredelemnul.
    91 | D        | Found a shimmering altar of Xom.
    91 | D        | Found an ornate altar of the Wu Jian Council.
    91 | D        | Found a sacrificial altar of Ru.
    91 | D        | Found a stormy altar of Qazlal.
    91 | D        | Found an iron altar of Okawaru.
    91 | D        | Found a sparkling altar of Nemelex Xobeh.
    91 | D        | Found a burning altar of Makhleb.
    91 | D        | Found a blossoming altar of Fedhas.
    91 | D        | Found a white marble altar of Elyvilon.
    91 | D        | Found a shadowy altar of Dithmenos.
    91 | D        | Found a snail-covered altar of Cheibriados.
    92 | D        | Found a radiant altar of Vehumet.
    92 | D        | Found a corrupted altar of Lugonu.
    92 | D        | Found a roughly hewn altar of Beogh.
    93 | D        | Found a hide-covered altar of Uskayaw.
    93 | D        | Found an ancient bone altar of Kikubaaqudgha.
    93 | D        | Found a broken altar of Ashenzari.
   101 | D        | Became a worshipper of Uskayaw the Reveller
   101 | D        | Reached * piety under Uskayaw
   147 | D        | Reached ** piety under Uskayaw
   148 | D        | Reached skill level 5 in Axes
   148 | D        | Reached skill level 1 in Armour
   148 | D        | Reached XP level 2. HP: 5/27 MP: 1/3
   426 | D        | Slain by a river rat

Illustrated notes

Levels and vault maps discovered:
D:        pitsprint [storerooms_1, entrance_room_1, metal_vault_2, armoury_1,
          mini_pit_1, grid_room_1, main_hall_1, silver_pit, the_coven_1,
          the_vestibule_1, steel_vault_5, golden_pit, hallway_of_sentries,
          crystal_vault_4, iron_vault_4, final_vault]

Skill      XL: |  1  2 |
---------------+-------+-----
Fighting       | 4 |  4.4
Axes           | 5 |  5.6
Armour         | 1 2 |  2.0
Invocations    | 2 |  2.5
Dodging        | |  2.4
Stealth        | |  1.5

Action                   || total
-------------------------++-------
Melee: Hand axe          ||    17
Invok: Stomp             ||     1
  Use: Potion            ||     2
Armor: Robe              ||     1
Dodge: Dodged            ||     7

Table legend: (Time is in decaauts)
 A = Elapsed time spent in this place.
 B = Non-inter-level travel time spent in this place.
 C = Inter-level travel time spent in this place.
 D = Time resting spent in this place.
 E = Time spent auto-exploring this place.
 F = Levels seen in this place.
 G = Mean time per level.
                   A        B        C        D        E       F      G
               +--------+--------+--------+--------+--------+-----+--------+
         Total |    436 |    425 |     11 |    339 |      2 |   1 |  436.0 |
       Dungeon |    436 |    425 |     11 |    339 |      2 |   1 |  436.0 |
               +--------+--------+--------+--------+--------+-----+--------+

Top non-repeatable levels by time:
       D: 436 daAuts
